 Dungeon Crawl Stone Soup version 0.30.0-13-g156ef70053 (webtiles) character file.

Game seed: 5380548444976034281

16 Jase the Caller (level 2, -4/19 HPs)
             Began as a Barachi Summoner on May 17, 2023.
             Slain by Natasha (6 damage)
             ... on level 2 of the Dungeon.
             The game lasted 00:03:14 (914 turns).

Jase the Caller (Barachi Summoner)                   Turns: 914, Time: 00:03:15

Health: -4/19      AC:  2    Str:  9    XL:     2   Next: 54%
Magic:  1/5        EV: 12    Int: 15    God:
Gold:   63         SH:  0    Dex: 12    Spells: 3/6 levels left

rFire   . . .        e - +0 dagger
rCold   . . .        (no shield)
rNeg    . . .        a - +0 robe
rPois   .            (no helmet)
rElec   .            (no cloak)
rCorr   .            (no gloves)
SInv    .            (no boots)
Will    .....        (no amulet)
Stlth   ++           (no ring)
HPRegen 0.23/turn    (no ring)
MPRegen 0.09/turn

%: no passive effects
@: slowed, very slow
A: amphibious, slowness 1, strong legs 1, +LOS
a: Hop


You were on level 2 of the Dungeon.
You visited 1 branch of the dungeon, and saw 2 of its levels.

You collected 63 gold pieces.

Inventory:

Hand Weapons
 e - a +0 dagger (weapon)
Armour
 a - a +0 robe (worn)
Scrolls
 c - a scroll of enchant armour {unknown}
 d - a scroll of teleportation {unknown}
 g - a scroll of identify {unknown}
 h - a scroll of magic mapping {unknown}
 i - a scroll of noise {unknown}
Potions
 b - 2 potions of magic
 f - a potion of attraction {unknown}
 j - a potion of flight {unknown}


   Skills:
 - Level 2.1 Dodging
 - Level 1.7 Stealth
 + Level 2.5 Spellcasting
 * Level 5.4 Summonings


You had 3 spell levels left.
You knew the following spells:

 Your Spells              Type           Power      Damage    Failure   Level
a - Summon Small Mammal   Summ           72%        N/A       2%          1
b - Call Imp              Summ           36%        N/A       3%          2

Your spell library contained the following spells:

 Spells                   Type           Power      Damage    Failure   Level
 Call Canine Familiar     Summ           18%        N/A       7%          3
 Summon Guardian Golem    Hex/Summ       10%        N/A       21%         3
 Foxfire                  Conj/Fire      4%         2x1d4     22%         1
 Summon Lightning Spire   Summ/Air       10%        N/A       56%         4
 Fireball                 Conj/Fire      0%         3d3       99%         5
 Plasma Beam              Fire/Air       0%         2x1d11    100%        6
 Starburst                Conj/Fire      0%         6d3       100%        6


Dungeon Overview and Level Annotations

Branches:
Dungeon (2/15)

Altars:

Annotations:
D:2 Natasha


Innate Abilities, Weirdness & Mutations

You are amphibious.
You cover ground slowly.
You can hop short distances.
You have an extended range of vision and can be seen from far away.


Message History

You now have 63 gold pieces (gained 1).
Natasha, Servant of Life and Death comes into view.
Found a scroll labelled QEARYE LIMM.
Natasha casts a spell at you.
You feel yourself slow down.
Casting: Summon Small Mammal (safe; 2% risk of failure)
Confirm with . or Enter, or press ? or * to list all spells.
You miscast Call Imp.
You are very lightly contaminated with residual magic.
Nothing appears to happen.
Your bat closely misses Natasha.
Natasha casts a spell.
Unknown command.
Your bat hits the cerulean imp.
Your quokka barely misses the cerulean imp.
Your bat closely misses Natasha.
The cerulean imp hits your quokka with a +3 spear.
Your quokka dies!
Your quokka's corpse disappears in a puff of smoke!
Casting: Call Imp (safe; 3% risk of failure)
Confirm with . or Enter, or press ? or * to list all spells.
Your bat misses Natasha. Your bat misses the cerulean imp.
Your bat barely misses Natasha.
Natasha misses you.
You closely miss Natasha.
The cerulean imp hits you from afar with a +3 spear!
Natasha extends her claws.
Natasha claws you.
The cerulean imp hits you from afar with a +3 spear.
* * * LOW HITPOINT WARNING * * *
Unknown command.
You swap places.
Your bat hits Natasha. Natasha claws your rat.
Your rat dies!
Your rat's corpse disappears in a puff of smoke!
The cerulean imp hits your bat with a +3 spear.
Your bat dies!
Your bat's corpse disappears in a puff of smoke!
Your magical contamination has completely faded away.
You hit Natasha.
Natasha is moderately wounded.
Natasha claws you.
You die...

### .... #... ....
####... ...
.......##.#
.?......#.##
........ยง..### ...
#.#5....#
....#.##h##.#
.......#@# ##
.........##..#
.......#..##.#
....##....##.#####
... ##.....#.....##
. .#.............##
..................#
.......<..........#
..................#


You could see Natasha and a cerulean imp (summoned).

Vanquished Creatures
  A jackal (D:1)
  A ball python (D:1)
  A rat (D:1)
3 creatures vanquished.

Vanquished Creatures (collateral kills)
  2 goblins (D:1)
  A hobgoblin (D:1)
  3 jackals (D:1)
  2 quokkas (D:1)
  A ball python (D:1)
  A bat (D:1)
  A rat (D:1)
11 creatures vanquished.

Grand Total: 14 creatures vanquished

Notes
Turn   | Place    | Note
-------+----------+-------------------------------------------
     0 | D:1      | Jase the Barachi Summoner began the quest for the Orb.
     0 | D:1      | Reached XP level 1. HP: 13/13 MP: 3/3
    52 | D:1      | Found a faded altar of an unknown god.
   196 | D:1      | Reached skill level 5 in Summonings
   273 | D:1      | Reached XP level 2. HP: 17/19 MP: 1/5
   880 | D:2      | Learned a level 2 spell: Call Imp
   904 | D:2      | Noticed Natasha
   914 | D:2      | Slain by Natasha

Illustrated notes

Levels and vault maps discovered:
D:1:      lemuel_arrival_room, layout_basic, ebering_ecumenical_altar_rust
D:2:      layout_rooms, kennysheep_generic_room_16, uniq_natasha

Skill      XL: |  1 |
---------------+----+-----
Summonings     | 5 |  5.4
Dodging        | |  2.1
Stealth        | |  1.7
Spellcasting   | |  2.5

Action                     || total
---------------------------++-------
  Melee: Whip              ||     9
         Dagger            ||     2
   Cast: Summon Small Mamm ||    24
 Armour: Robe              ||     3
  Dodge: Dodged            ||     3
